 Dungeon Crawl Stone Soup version 0.26-a0-639-g72c4674329 (webtiles) character file.

Game seed: 12070974972418950496

248 Flugslaktarn the Shield-Bearer (level 5, -11/50 HPs)
             Began as a Deep Dwarf Fighter on Sept 29, 2020.
             Splashed by Pikel's acid (14 damage)
             ... on level 4 of the Dungeon.
             The game lasted 00:00:38 (777 turns).

Flugslaktarn the Shield-Bearer (Deep Dwarf Fighter)  Turns: 777, Time: 00:00:39

Health: -11/50     AC:  5    Str: 19    XL:     5   Next: 86%
Magic:  4/4        EV:  7    Int:  9    God:
Gold:   104        SH:  9    Dex: 13    Spells: 4/4 levels left

rFire    . . .     SeeInvis .   a - +0 war axe
rCold    . . .     Faith    .   c - +0 kite shield
rNeg     . . .     Spirit   .   b - +0 scale mail
rPois    .         Reflect  .   f - +1 helmet
rElec    .         Harm     .   (no cloak)
rCorr    .         Rampage  .   (no gloves)
MR       .....                  (no boots)
Stlth    ..........             (no amulet)
HPRegen  0.00/turn              (no ring)
MPRegen  0.09/turn              (no ring)

@: corroded, non-regenerating
A: damage resistance, heal wounds, sense surroundings 1, no regeneration
a: Heal Wounds


You were on level 4 of the Dungeon.
You visited 1 branch of the dungeon, and saw 4 of its levels.

You collected 104 gold pieces.

Inventory:

Hand Weapons
 a - a +0 war axe (weapon)
Armour
 b - a +0 scale mail (worn)
 c - a +0 kite shield (worn)
 f - a +1 helmet (worn)
   (You took it off Robin on level 2 of the Dungeon)
Jewellery
 i - a +6 ring of strength {unknown}
   (You found it on level 2 of the Dungeon)
Scrolls
 g - a scroll of teleportation {unknown}
 h - 2 scrolls of identify {unknown}
 j - a scroll of magic mapping {unknown}
 k - a scroll of amnesia {unknown}
Potions
 d - 3 potions of might
 e - a potion of degeneration {unknown}


   Skills:
 * Level 4.1 Fighting
 * Level 4.2 Axes
 + Level 4.2 Armour
 + Level 4.2 Shields


You had 4 spell levels left.
You didn't know any spells.
Your spell library was empty.

Dungeon Overview and Level Annotations

Branches:
Dungeon (4/15)
 Temple: D:4-7

Altars:

Shops:
D:4 [

Annotations:
D:4 Pikel


Innate Abilities, Weirdness & Mutations

You are resistant to damage.
You can heal yourself by infusing magical energy.
You passively map a small area around you.
You do not regenerate.


Message History

You hit Pikel.
Pikel is moderately wounded.
You closely miss the lemure. You hit the lemure but do no damage.
Pikel hits you with a +1 whip of freezing.
Pikel freezes you. You block the lemure's attack. Pikel barely misses you.
You block the lemure's attack.
You hit Pikel.
Pikel is moderately wounded.
You barely miss the lemure. x2; You completely miss the lemure.
The lemure hits you. You block the lemure's attack. You block Pikel's attack.
The lemure hits you but does no damage. The lemure barely misses you.
The lemure closely misses you.
You miss Pikel.
Pikel is moderately wounded.
You hit the lemure. x2; You closely miss the lemure.
You block Pikel's attack. The lemure hits you but does no damage.
You block the lemure's attack.
Pikel zaps a wand.
The bolt of acid hits you!!
* * * LOW HITPOINT WARNING * * *
The acid corrodes you!
You are splashed with acid!
You die...

, , , , ,,.# , .... , .'. ..... *
, #.. * * ....# , *
##..######....## #.............'.
, #...........>.# ,,
#.....K55.!...# , #.....5@5.....#
, , #############..##.##...# *
............##+##.## # ,
............#......# , , ,
..>.........#......+ , ,,
............#..##.####+# , *,
####+#....###..##.###..##########
#....'....'.....+................
#....#....#.....#................


You could see Pikel and 4 lemures.

Vanquished Creatures
  A phantom (D:4)
  A howler monkey (D:4)
  2 orc wizards (D:4)
  Robin (D:2)
  An adder (D:2)
  An adder skeleton (D:4)
  A leopard gecko (D:4)
  3 orcs (D:4)
  A ball python (D:4)
  3 bats
  A giant cockroach (D:4)
  10 goblins
  5 hobgoblins (D:2)
  3 jackals (D:2)
  A quokka (D:4)
  A frilled lizard (D:2)
36 creatures vanquished.

Notes
Turn   | Place    | Note
-------+----------+-------------------------------------------
     0 | D:1      | Flugslaktarn the Deep Dwarf Fighter began the quest for the
                  | Orb.
     0 | D:1      | Reached XP level 1. HP: 20/20 MP: 1/1
   106 | D:2      | Noticed Robin
   111 | D:2      | Reached XP level 2. HP: 27/27 MP: 2/2
   117 | D:2      | Killed Robin
   166 | D:2      | Reached XP level 3. HP: 29/34 MP: 3/3
   514 | D:4      | Reached XP level 4. HP: 37/42 MP: 3/3
   520 | D:4      | Noticed a phantom
   540 | D:4      | Reached XP level 5. HP: 24/50 MP: 4/4
   544 | D:4      | Found Tadoev's Antique Armour Shop.
   578 | D:4      | Killed a phantom
   764 | D:4      | Noticed a lemure
   767 | D:4      | Noticed Pikel
   768 | D:4      | Noticed a lemure
   771 | D:4      | Noticed a lemure
   774 | D:4      | Noticed a lemure
   777 | D:4      | Splashed by Pikel's acid

Illustrated notes

Levels and vault maps discovered:
D:1:      minmay_arrival_open_corners, layout_basic, serial_forest,
          infiniplex_forest_pool, infiniplex_forest_end_1,
          infiniplex_forest_lined_corner, infiniplex_forest_clump_small,
          infiniplex_forest_clump_C, infiniplex_forest_pool,
          infiniplex_forest_clump_diagonal, infiniplex_forest_clump_medium,
          infiniplex_forest_straight_1
D:2:      layout_loops_ring, uniq_robin
D:3:      layout_basic, grunt_ministairs_10, uniq_ijyb, uniq_natasha
D:4:      layout_gridville, serial_shops, shop, uniq_duvessa, uniq_pikel

Skill      XL: |  1  2  3  4  5 |
---------------+----------------+-----
Fighting       | 3 4 |  4.1
Axes           | 3 4 |  4.2
Armour         | 4 |  4.2
Shields        | 4 |  4.2

Action                   |  1- 3 |  4- 6 || total
-------------------------+-------+-------++-------
Melee: War axe           |    84 |    67 ||   151
 Abil: Heal Wounds       |     2 |     1 ||     3
Armor: Scale mail        |    49 |    32 ||    81
Dodge: Dodged            |    22 |    23 ||    45
Block: Kite shield       |    41 |    41 ||    82

Table legend: (Time is in decaauts)
 A = Elapsed time spent in this place.
 B = Non-inter-level travel time spent in this place.
 C = Inter-level travel time spent in this place.
 D = Time resting spent in this place.
 E = Time spent auto-exploring this place.
 F = Levels seen in this place.
 G = Mean time per level.
                   A        B        C        D        E       F      G
               +--------+--------+--------+--------+--------+-----+--------+
         Total |    840 |    767 |     73 |      0 |    454 |   4 |  210.0 |
       Dungeon |    840 |    767 |     73 |      0 |    454 |   4 |  210.0 |
               +--------+--------+--------+--------+--------+-----+--------+

Top non-repeatable levels by time:
     D:4: 351 daAuts
     D:2: 295 daAuts
     D:1: 106 daAuts
     D:3: 87 daAuts
